 Dungeon Crawl Stone Soup version 0.21-a0-442-g848f44b (webtiles) character file.

14 Goblin1989 the Sneak (level 2, 14/14 HPs)
             Began as a Spriggan Assassin on Nov 13, 2017.
             Quit the game on level 3 of the Dungeon on Nov 14, 2017.
             The game lasted 00:07:21 (750 turns).

Goblin1989 the Sneak (Spriggan Assassin)             Turns: 750, Time: 00:07:22

Health: 14/14      AC:  6    Str:  7    XL:     2   Next: 27%
Magic:  3/3        EV: 17    Int: 12    God:
Gold:   40         SH:  0    Dex: 17    Spells: 1/1 levels left

rFire    . . .     SeeInvis +   a - +2 dagger
rCold    . . .     Gourm    .   (shield restricted)
rNeg     . . .     Faith    .   c - +0 robe
rPois    .         Spirit   .   (helmet restricted)
rElec    .         Reflect  .   d - +0 cloak
rCorr    .         Harm     .   (gloves unavailable)
MR       .....                  (boots unavailable)
Stlth    ++++......             (no amulet)
HPRegen  0.04/turn              B - +3 ring of protection
MPRegen  0.08/turn              (no ring)

@: very quick
A: unfitting armour, see invisible, herbivore 3, speed 3, slow metabolism 2
a: no special abilities


You were on level 3 of the Dungeon.
You were not hungry.

You visited 1 branch of the dungeon, and saw 4 of its levels.

You collected 40 gold pieces.

Inventory:

Hand Weapons
 a - a +2 dagger (weapon)
 w - a +0 blowgun {@w1}
 A - a +0 dagger
 M - a +0 trident of flaming
Missiles
 f - 2 curare-tipped needles
 g - 8 poisoned needles
 z - 15 sling bullets
 D - 19 stones (quivered)
Armour
 c - a +0 robe (worn)
 d - a +0 cloak (worn)
 y - a +0 chain mail
 C - a +0 leather armour
 E - a +0 helmet
 J - a +0 shield
Jewellery
 B - a +3 ring of protection (left hand)
Wands
 L - a wand of lightning (10/15)
Scrolls
 G - a scroll of identify {unknown}
 H - a scroll of amnesia {unknown}
Potions
 x - a potion of might {unknown}
 I - a potion of magic {unknown}
Comestibles
 e - a bread ration {@e1}
 F - a royal jelly


   Skills:
 - Level 1.5 Fighting
 - Level 2.1 Short Blades
 - Level 2.0 Throwing
 - Level 1.5 Dodging
 + Level 6.9 Stealth


You had one spell level left.
You didn't know any spells.

Dungeon Overview and Level Annotations

Branches:
Dungeon (4/15)
 Temple: D:4-7

Altars:
Cheibriados
Elyvilon
Kikubaaqudgha
Makhleb
Sif Muna

Annotations:
D:2 exclusion: downstairs
D:3 exclusion: Grinder, Grinder


Innate Abilities, Weirdness & Mutations

You are very small and have problems with some larger weapons.
You are too small for most types of armour.
You have supernaturally acute eyesight. (SInv)
You are a herbivore.
You cover ground extremely quickly.
You need consume almost no food.


Message History

You see here a scroll labeled QYEPPIHA QEACO.
G - a scroll labeled QYEPPIHA QEACO You see here 9 gold pieces.
You now have 40 gold pieces (gained 9).
The adder hisses angrily.
Wield which item (- for none, * to show all)? (? for menu, Esc to quit)
w - a +0 blowgun (weapon)
{@w1} Firing (i - inventory. (,) - cycle):
f - 2 curare-tipped needles (quivered)
Press: ? - help, Shift-Dir - straight line, f - adder
Aim: an adder You shoot a curare-tipped needle.
The curare-tipped needle hits the adder.
The adder is poisoned.
The adder convulses.
The adder seems to slow down.
The adder is severely wounded.
You have reached level 2!
You feel a bit more experienced.
Health restored: 14; MP restored: 3 Unknown command.
a - a +2 dagger (weapon)
You see here a curare-tipped needle.
You are now empty-handed.
Unknown command.
a - a +2 dagger (weapon)
f - 2 curare-tipped needles (gained 1)
You see here a scroll labeled WAEZXE AZOUPOW.
H - a scroll labeled WAEZXE AZOUPOW
There is a stone staircase leading down here.
This staircase is marked as excluded!
Enter next level anyway?
You climb downwards.
Level annotation: exclusion: Grinder, Grinder
There is a stone staircase leading up here.
Unknown command.
You see here a sedimented emerald potion.
I - a sedimented emerald potion You see here a shield.
J - a shield A quokka comes into view.
Found a stone staircase leading down.
There is a stone staircase leading down here.
You climb downwards.
There is a stone staircase leading up here.
An adder comes into view.
An orc wizard comes into view. It is wielding a dagger.
You see here a wand of lightning (?/15).
L - a wand of lightning (?/15)
You see here a glowing trident.
M - a glowing trident An ogre comes into view.
It is wielding a giant club.
The ogre shouts!
A giant cockroach comes into view.
Found a stone staircase leading up.
There is a stone staircase leading up here.
The giant cockroach waves its antennae.
There is a stone staircase leading up here.
You climb upwards.
Level annotation: exclusion: Grinder, Grinder A worm comes into view.
There is a stone staircase leading down here.
Saving game... please wait.
Level annotation: exclusion: Grinder, Grinder Welcome back, Goblin1989 the Spriggan Assassin.
Press ? for a list of commands and other information.
You hit the worm but do no damage. You hit the worm.
The worm is moderately wounded.
The worm bites you but does no damage.
You hit the worm.
The worm is moderately wounded.
You hit the worm.
The worm is heavily wounded.
The worm bites you but does no damage.
You hit the worm.
The worm is heavily wounded.
You hit the worm.
The worm is severely wounded.
The worm misses you.
You hit the worm.
The worm is severely wounded.
You hit the worm.
The worm is almost dead.
The worm closely misses you.
You barely miss the worm.
The worm is almost dead.
You hit the worm.
The worm is almost dead.
The worm misses you.
You completely miss the worm.
The worm is almost dead.
The worm misses you.
You hit the worm.
The worm is almost dead.
You hit the worm.
You kill the worm!
You see here a worm corpse.
Are you sure you want to abandon this character and quit the game? (Confirm with "yes".)
Okay, then.
Unknown command.
Unknown command.
Are you sure you want to abandon this character and quit the game? (Confirm with "yes".)

███████.█████.█
█.█ █†█ █.█ █.█
█.█ █.█ █.█ █@█
........█
███████.█ █.█
█.█ ... █.. ██.


There were no monsters in sight!

Vanquished Creatures
  An adder (D:2)
  A worm (D:3)
  A goblin (D:2)
3 creatures vanquished.

Vanquished Creatures (others)
  A plant (D:2)
1 creature vanquished.

Grand Total: 4 creatures vanquished

Notes
Turn   | Place    | Note
-------+----------+-------------------------------------------
     0 | D:1      | Goblin1989 the Spriggan Assassin began the quest for the Orb.
     0 | D:1      | Reached XP level 1. HP: 10/10 MP: 2/2
   134 | D:2      | Found a burning altar of Makhleb.
   134 | D:2      | Found a snail-covered altar of Cheibriados.
   139 | D:2      | Found a deep blue altar of Sif Muna.
   141 | D:2      | Found an ancient bone altar of Kikubaaqudgha.
   142 | D:2      | Found a white marble altar of Elyvilon.
   203 | D:3      | Noticed Grinder
   489 | D:2      | Reached skill level 6 in Stealth
   526 | D:2      | Reached XP level 2. HP: 14/14 MP: 3/3
   701 | D:4      | Noticed an ogre
   750 | D:3      | Quit the game

Vault maps used:
D:1:      lemuel_arrival_hallway
D:2:      cheibrodos_old_hovel, chequers_temple_overflow_minitemple,
          grunt_decor_resistance, uniq_robin
D:3:      first_bread, nemelex_dance_club_becter, uniq_terence, uniq_grinder
D:4:      nicolae_ashenzari_panopticon

Skill      XL: |  1 |
---------------+----+-----
Stealth        | 6 |  6.9
Fighting       | |  1.5
Short Blades   | |  2.1
Throwing       | |  2.0
Dodging        | |  1.5

Action                   || total
-------------------------++-------
Melee: Dagger            ||    19
 Fire: Blowgun           ||     1
Armor: Robe              ||     8
Dodge: Dodged            ||    29

Table legend:
 A = Spawn XP
 B = Non-spawn XP
 C = Spawn XP percentage of total XP
 D = Spawn monster count
 E = Non-spawn monster count
 F = Spawn count percentage of total count
 G = Total turns spent on level
                    A         B        C        D         E        F      G
               +---------+---------+-------+---------+---------+-------+---------
         Total |       0 |      20 |   0.0 |       0 |       3 |   0.0 |   750
               +---------+---------+-------+---------+---------+-------+---------
           D:2 |       0 |      15 |   0.0 |       0 |       2 |   0.0 |   466
           D:3 |       0 |       5 |   0.0 |       0 |       1 |   0.0 |    74
               +---------+---------+-------+---------+---------+-------+---------

Vault maps used:
D:1:      lemuel_arrival_hallway
D:2:      cheibrodos_old_hovel, chequers_temple_overflow_minitemple,
          grunt_decor_resistance, uniq_robin
D:3:      first_bread, nemelex_dance_club_becter, uniq_terence, uniq_grinder
D:4:      nicolae_ashenzari_panopticon
